 Dungeon Crawl Stone Soup version 0.14-a0-3367-g7c2a7eb (webtiles) character file.

7506 Mindmaker the Covert (level 11, -15/72 HPs)
             Began as an Octopode Abyssal Knight on Mar 19, 2014.
             Was the Champion of Lugonu.
             Killed from afar by a lava snake (21 damage)
             ... with a glob of lava
             ... on Level 8 of the Dungeon.
             The game lasted 01:20:56 (12847 turns).

Mindmaker the Covert (Octopode Abyssal Knight)     Turns: 12847, Time: 01:20:56

HP -15/72        AC  6     Str 13      XL: 11   Next:  9%
MP  14/14        EV 17     Int 17      God: Lugonu [******]
Gold 441         SH  0     Dex 14      Spells:  0 memorised, 10 levels left

rFire  . . .     SeeInvis .     y - +0 blowgun
rCold  . . .     Clarity  .     (no shield)
rNeg   + . .     Conserve .     d - +2 hat
rPois  .         rCorr    .     (no amulet)
rElec  .         rRot     .     e - +3 ring of intelligence
SustAb . .       Spirit   .     l - ring of positive energy
rMut   .         Warding  .     (no ring)
Saprov . . .     Stasis   .     (no ring)
MR     .....                    (no ring)
                                (no ring)
                                (no ring)
                                (no ring)

@: not resistant to hostile enchantments, extraordinarily stealthy
A: almost no armour, amphibious, 8 rings, constrict 8, icy blue scales 2,
camouflage 1, gelatinous body 1
a: Depart the Abyss, Bend Space, Banish, Corrupt, Enter the Abyss, Renounce
Religion


You were on level 8 of the Dungeon.
You worshipped Lugonu.
Lugonu was exalted by your worship.
You were very hungry.

You visited 3 branches of the dungeon, and saw 11 of its levels.
You visited the Abyss 1 time.

You collected 441 gold pieces.

Inventory:

Hand weapons
 a - a +3,+3 dagger
 b - a +2,+1 short sword of venom
 y - a +0 blowgun (weapon)
 D - a +2,+2 dagger of holy wrath
 I - a +1,+1 dagger of venom
Missiles
 f - 21 darts
 q - 10 poisoned needles (quivered)
 w - 12 darts of flame
 J - 2 tomahawks
Armour
 d - a +2 hat (worn)
 k - a +0 shield of reflection
Magical devices
 u - a wand of digging (19)
 F - a wand of random effects (4)
 H - a wand of cold (9)
Comestibles
 c - 13 bread rations
 n - 2 meat rations
Scrolls
 g - a scroll of teleportation
 i - 3 scrolls of remove curse
 m - a scroll of fog
 o - 2 scrolls of identify
 z - a scroll of immolation
 A - 3 scrolls of blinking
 C - 2 scrolls of magic mapping
 K - 2 scrolls of amnesia
Jewellery
 e - a +3 ring of intelligence (left tentacle)
 l - a ring of positive energy (right tentacle)
Potions
 h - a potion of heal wounds
 p - a potion of haste {unknown}
 s - a potion of agility
 t - 7 potions of curing
 v - a potion of flight {unknown}
 B - a potion of brilliance
 E - a potion of resistance {unknown}
Books
 r - the Handbook of Supportive Beguiling
   (You found it on level 5 of the Dungeon)

   Spells                             Type                      Level
   Summon Small Mammal                Summoning                    1
   Slow                               Hexes                        2
   Tukima's Dance                     Hexes                        5
   Summon Forest                      Summoning/Translocation      5
   Darkness                           Hexes                        7


   Skills:
 - Level 6.1 Fighting
 + Level 8.4 Short Blades
 - Level 10.0 Dodging
 - Level 13.0 Stealth
 - Level 2.0 Invocations


You had 10 spell levels left.
You didn't know any spells.

Dungeon Overview and Level Annotations

Branches:
Dungeon (9/15)             Temple (1/1) D:6            Lair (1/8) D:8
    Orc: D:9-12

Altars:
Ashenzari
Cheibriados
Dithmenos
Elyvilon
Fedhas
Kikubaaqudgha
Makhleb
Nemelex Xobeh
Okawaru
Sif Muna
Trog
Vehumet
Xom
Yredelemnul
Zin
The Shining One


Innate Abilities, Weirdness & Mutations

You cannot wear most types of armour.
You are amphibious.
You can wear up to eight rings at the same time.
You can use your tentacles to constrict many enemies at once.
Your skin changes colour to match your surroundings (Stlth).
Your rubbery body absorbs attacks (AC +1).
You are mostly covered in icy blue scales (AC +3, EV -1).


Message History

q - 6 poisoned needles
q - 9 poisoned needles (gained 3) Lugonu accepts your kill.
You feel a bit more experienced.
There is a stone staircase leading down here.
The lava snake is too close now for your liking.
The lava snake spits lava!
The glob of lava hits you!
The lava snake spits lava!
The glob of lava misses you.
The lava snake spits lava!
The glob of lava hits you!
The lava snake spits lava!
The glob of lava misses you.
The lava snake spits lava!
The glob of lava hits you!
One of your 3 scrolls of identify catches fire!
* * * LOW HITPOINT WARNING * * *
You see here a poisoned needle.
q - 10 poisoned needles (gained 1)
The lava snake spits lava!
The glob of lava hits you!
* * * LOW HITPOINT WARNING * * *
The lava snake spits lava!
The glob of lava hits you!
One of your 4 scrolls of remove curse catches fire!
You die...

..........§...................#
...........≈§§§...............#
.........§§§§≈≈..............>#
..........≈§§≈§..............>#
..........≈≈≈§S..............>#
...........§≈S................#
.................P.f..........#
..............................#
...............♣@.......♣.....#
........................♣.....#
.............P........♣.f.....#
..............................#
.....≈§§....PP♣PP..>♣....♣....#
.§§§≈§≈≈≈....................##
....§≈≈≈≈..........P........##
....≈≈§≈≈.....♣♣)..P..P....##
.....≈§≈........P.........##


You could see 2 lava snakes.

Vanquished Creatures
  Grinder (D:5)
  A spriggan (D:8)
  12 yaks
  Grum (D:8)
  A hungry ghost (D:7)
  A necrophage (D:8)
  2 wolves (D:8)
  A water moccasin (D:6)
  4 porcupines
  A sky beast (D:5)
  3 phantoms
  An ogre (D:8)
  A centaur (D:5)
  4 crocodiles
  2 lava worms (D:8)
  Sigmund (D:6)
  2 giant slugs (D:8)
  7 giant frogs
  Blork the orc (D:5)
  A scorpion (D:8)
  8 wights (D:8)
  A troll skeleton (D:8)
  7 lava snakes (D:8)
  7 crimson imps
  A jelly (D:5)
  5 orc priests
  A gnoll shaman (D:8)
  2 iguanas (D:8)
  2 giant frog skeletons
  3 hounds
  6 orc wizards (D:7)
  5 worker ants
  An ogre zombie (D:6)
  Ijyb (D:5)
  Jessica (D:2)
  A big kobold zombie (D:7)
  11 gnolls
  A scorpion zombie (D:5)
  9 adders
  9 green rats
  2 shadow imps
  A giant mite (D:5)
  An inept feature mimic (D:6)
  5 worms
  An iguana zombie (D:7)
  2 giant eyeballs
  An ooze (D:2)
  21 orcs
  A bat zombie (D:5)
  4 giant cockroaches
  9 goblins
  11 hobgoblins
  18 jackals
  14 kobolds
  A ball python (D:3)
  13 bats
  3 giant geckos
  11 giant newts
  7 giant spores (D:8)
  A jackal zombie (D:8)
  An orc skeleton (D:4)
  An orc zombie (D:8)
  2 quokkas
  A quokka skeleton (D:5)
  18 rats
  59 ballistomycetes (D:8)
  2 plants (D:8)
341 creatures vanquished.

Vanquished Creatures (others)
  2 giant spores (D:8)
  2 ballistomycetes (D:8)
4 creatures vanquished.

Grand Total: 345 creatures vanquished

Notes
Turn   | Place    | Note
--------------------------------------------------------------
     0 | Abyss:1  | Mindmaker, the Octopode Abyssal Knight, began the quest for the Orb.
     0 | Abyss:1  | Reached XP level 1. HP: 16/16 MP: 1/1
    35 | Abyss:1  | Noticed a ynoxinul
    49 | D:1      | Escaped the Abyss
    49 | D:1      | Noticed a merfolk skeleton
    49 | D:1      | Noticed a spriggan skeleton
   264 | D:1      | Noticed an elf skeleton
   265 | D:1      | Noticed a troll skeleton
   267 | D:1      | Noticed a centaur skeleton
   270 | D:1      | Noticed a troll skeleton
   272 | D:1      | Noticed a minotaur skeleton
   274 | D:1      | Noticed a spriggan skeleton
   274 | D:1      | Noticed a draconian skeleton
   276 | D:1      | Noticed an elf skeleton
   278 | D:1      | Noticed a centaur skeleton
   280 | D:1      | Noticed an elf skeleton
   280 | D:1      | Noticed an elf skeleton
   282 | D:1      | Noticed a draconian skeleton
   282 | D:1      | Noticed a minotaur skeleton
   720 | D:1      | Acquired Lugonu's first power
   747 | D:1      | Reached XP level 2. HP: 18/21 MP: 2/2
  1153 | D:2      | Reached XP level 3. HP: 8/26 MP: 3/3
  1472 | D:2      | Noticed Jessica
  1478 | D:2      | Killed Jessica
  1478 | D:2      | Reached skill level 4 in Short Blades
  1500 | D:2      | Acquired Lugonu's second power
  1559 | D:2      | Reached XP level 4. HP: 23/31 MP: 5/5
  2410 | D:3      | Reached skill level 5 in Short Blades
  2410 | D:3      | Reached XP level 5. HP: 36/36 MP: 6/6
  2561 | D:3      | Reached skill level 1 in Stealth
  2829 | D:3      | Acquired Lugonu's third power
  3919 | D:3      | Reached XP level 6. HP: 35/42 MP: 7/7
  4079 | D:4      | Paralysed by a giant eyeball for 2 turns
  4082 | D:4      | Paralysed by a giant eyeball for 4 turns
  4130 | D:4      | Reached skill level 5 in Stealth
  4613 | D:5      | Entered Level 5 of the Dungeon
  4743 | D:5      | Reached skill level 6 in Stealth
  4950 | D:5      | Noticed Ijyb
  4961 | D:5      | Killed Ijyb
  5033 | D:5      | Acquired Lugonu's fourth power
  5045 | D:5      | Noticed Blork the orc
  5057 | D:5      | Killed Blork the orc
  5057 | D:5      | Reached skill level 7 in Stealth
  5057 | D:5      | Reached XP level 7. HP: 21/46 MP: 9/9
  5251 | D:5      | Gained mutation: You are partially covered in icy blue scales (AC +1). [potion of beneficial mutation]
  5293 | D:5      | Identified a scroll of acquirement
  5497 | D:5      | Reached skill level 8 in Stealth
  5626 | D:5      | Gained mutation: You are mostly covered in icy blue scales (AC +3, EV -1). [potion of beneficial mutation]
  5641 | D:5      | Noticed Grinder
  5646 | D:5      | Killed Grinder
  5646 | D:5      | Reached XP level 8. HP: 52/52 MP: 10/10
  5679 | D:5      | Identified the Handbook of Supportive Beguiling
  6908 | D:6      | Reached skill level 5 in Dodging
  7020 | D:6      | Acquired Lugonu's fifth power
  7055 | D:6      | Found a staircase to the Ecumenical Temple.
  7061 | Temple   | Entered the Ecumenical Temple
  7138 | D:6      | Reached XP level 9. HP: 56/56 MP: 11/11
  7297 | D:6      | Noticed Sigmund
  7339 | D:6      | Killed Sigmund
  8317 | D:7      | Found a glowing silver altar of Zin.
  8586 | D:7      | Found a shimmering altar of Xom.
  8587 | D:7      | Found a blossoming altar of Fedhas.
  8902 | D:8      | Reached skill level 9 in Dodging
  9026 | D:8      | Found a staircase to the Lair.
  9062 | D:8      | Reached skill level 10 in Dodging
  9063 | D:8      | Reached XP level 10. HP: 39/63 MP: 13/13
  9080 | D:8      | HP: 2/63 [yak (8)]
  9144 | D:8      | Reached skill level 10 in Stealth
  9240 | Lair:1   | Entered Level 1 of the Lair of Beasts
  9501 | Lair:1   | Reached skill level 11 in Stealth
 10595 | D:8      | Found a snail-covered altar of Cheibriados.
 10600 | D:8      | Reached skill level 12 in Stealth
 11152 | D:8      | Noticed Grum
 11305 | D:8      | Reached skill level 13 in Stealth
 11642 | D:8      | Reached skill level 5 in Fighting
 11770 | D:8      | Reached XP level 11. HP: 38/72 MP: 14/14
 12750 | D:8      | Killed Grum
 12847 | D:8      | Killed from afar by a lava snake

Action                   |  1- 3 |  4- 6 |  7- 9 | 10-12 || total
-------------------------+-------+-------+-------+-------++-------
Melee: Dagger            |    60 |   197 |   265 |   102 ||   624
       Short sword       |     3 |       |    68 |   532 ||   603
 Fire: Blowgun           |       |    22 |    20 |    75 ||   117
Throw: Dart              |    13 |    18 |    17 |    14 ||    62
       Tomahawk          |       |       |       |     2 ||     2
Invok: Depart the Abyss  |     1 |       |       |       ||     1
Evoke: Wand              |       |     1 |     2 |     2 ||     5
  Use: Scroll            |       |    16 |     3 |     3 ||    22
       Potion            |       |     1 |     4 |     2 ||     7
 Stab: Sleeping          |     4 |     6 |    26 |     5 ||    41
       Distracted        |       |       |     2 |     3 ||     5
